 Dungeon Crawl Stone Soup version 0.22-a0-782-g038298e (webtiles) character file.

7 Hebeh the Conjurer (level 1, 0/10 HPs)
             Began as a Deep Elf Conjurer on July 20, 2018.
             Slain by a jackal (1 damage)
             ... on level 1 of the Dungeon.
             The game lasted 00:00:57 (159 turns).

Hebeh the Conjurer (Deep Elf Conjurer)               Turns: 159, Time: 00:00:57

Health: 0/10       AC:  2    Str:  5    XL:     1   Next: 83%
Magic:  1/6        EV: 13    Int: 19    God:
Gold:   14         SH:  0    Dex: 15    Spells: 5/6 levels left

rFire    . . .     SeeInvis .   e - +0 hand axe
rCold    . . .     Gourm    .   (no shield)
rNeg     . . .     Faith    .   a - +0 robe
rPois    .         Spirit   .   (no helmet)
rElec    .         Reflect  .   (no cloak)
rCorr    .         Harm     .   (no gloves)
MR       .....                  (no boots)
Stlth    ++........             (no amulet)
HPRegen  0.03/turn              (no ring)
MPRegen  0.10/turn              (no ring)

@: very slightly contaminated
A: no striking features
a: no special abilities


You were on level 1 of the Dungeon.
You were not hungry.

You visited 1 branch of the dungeon, and saw 1 of its levels.

You collected 14 gold pieces.

Inventory:

Hand Weapons
 e - a +0 hand axe (weapon)
Armour
 a - a +0 robe (worn)
Scrolls
 d - a scroll of remove curse {unknown}
Comestibles
 b - 3 chunks of flesh
 c - 2 rations


   Skills:
 - Level 2.4 Dodging
 - Level 2.4 Stealth
 + Level 3.2 Spellcasting
 * Level 4.7 Conjurations


You had 5 spell levels left.
You knew the following spells:

 Your Spells              Type           Power        Failure   Level  Hunger
a - Magic Dart            Conj           ###.         2%          1    None

Your spell library contained the following spells:

 Spells                   Type           Power        Failure   Level  Hunger
 Iskenderun's Mystic Bla  Conj           ###.....     22%         4    ####...
 Fulminant Prism          Conj/Hex       ##........   50%         4    ####...
 Dazzling Spray           Conj/Hex       ##....       17%         3    ###....
 Force Lance              Conj/Tloc      ##......     50%         4    ####...
 Searing Ray              Conj           ###...       3%          2    ##.....


Dungeon Overview and Level Annotations

Branches:
Dungeon (1/15)

Altars:


Message History

Aim: a jackal (severely wounded)
The magic dart hits the jackal.
You kill the jackal!
The jackal misses you. The jackal bites you.
You closely miss the jackal. You hit the jackal. The jackal closely misses you.
The jackal completely misses you. The jackal barely misses you.
The jackal closely misses you.
You hit the jackal but do no damage. You completely miss the jackal.
The jackal bites you but does no damage.
The jackal completely misses you. The jackal closely misses you.
The jackal bites you.
* * * LOW HITPOINT WARNING * * *
You hit the jackal but do no damage. You closely miss the jackal.
The jackal closely misses you.
The jackal bites you but does no damage.
The jackal barely misses you. x2
You barely miss the jackal. You closely miss the jackal. The jackal bites you.
* * * LOW HITPOINT WARNING * * *
The jackal misses you. The jackal bites you.
You die...

# #############..
................
#..#..#..#.........
.#..#..#..#..........
.#..#..#..#..h@.......
#..#..#..#..#h†.......
..#..#..#..#..##....(.
........!.............
......#.##..####......
......................
...####.#.............
..####.#.............
...................


You could see 2 jackals.

Vanquished Creatures
  2 giant cockroaches (D:1)
  A jackal (D:1)
  2 bats (D:1)
  A rat (D:1)
6 creatures vanquished.

Notes
Turn   | Place    | Note
-------+----------+-------------------------------------------
     0 | D:1      | Hebeh the Deep Elf Conjurer began the quest for the Orb.
     0 | D:1      | Reached XP level 1. HP: 10/10 MP: 6/6
   159 | D:1      | Slain by a jackal

Vault maps used:
D:1:      dpeg_arrival_short_road, minmay_misc_feat_diagonals

Action                   || total
-------------------------++-------
Melee: Hand axe          ||     4
 Cast: Magic Dart        ||    14
Armor: Robe              ||     3
Dodge: Dodged            ||    19

Table legend:
 A = Spawn XP
 B = Non-spawn XP
 C = Spawn XP percentage of total XP
 D = Spawn monster count
 E = Non-spawn monster count
 F = Spawn count percentage of total count
 G = Total turns spent on level
                    A         B        C        D         E        F      G
               +---------+---------+-------+---------+---------+-------+---------
         Total |       0 |      10 |   0.0 |       0 |       6 |   0.0 |   159
               +---------+---------+-------+---------+---------+-------+---------
           D:1 |       0 |      10 |   0.0 |       0 |       6 |   0.0 |   159
               +---------+---------+-------+---------+---------+-------+---------
